 Dungeon Crawl Stone Soup version 0.31-a0-236-g9a0961fb85 (webtiles) character file.

Game seed: 14152457857323979058

391 qw the Shooter (level 6, -1/53 HPs)
             Began as a Minotaur Hexslinger on July 10, 2023.
             Slain by Edmund
             ... wielding a +0 flail of protection
              (11 damage)
             ... on level 4 of the Dungeon.
             The game lasted 00:01:27 (3102 turns).

qw the Shooter (Minotaur Hexslinger)                Turns: 3102, Time: 00:01:28

Health: -1/53      AC:  7    Str: 13    XL:     6   Next: 50%
Magic:  6/6        EV: 11    Int: 10    God:
Gold:   161        SH:  0    Dex: 14    Spells: 6/7 levels left

rFire   . . .        Y - +1 sling
rCold   . . .        (no shield)
rNeg    . . .        a - +0 ring mail
rPois   .            (helmet restricted)
rElec   .            (no cloak)
rCorr   .            h - +0 pair of gloves
SInv    .            c - +0 pair of boots
Will    .....        (no amulet)
Stlth   +            (no ring)
HPRegen 0.28/turn    (no ring)
MPRegen 0.10/turn

%: no passive effects
@: no status effects
A: horns 2, retaliatory headbutt
a: no special abilities


You were on level 4 of the Dungeon.
You visited 1 branch of the dungeon, and saw 4 of its levels.

You collected 161 gold pieces.


Innate Abilities, Weirdness & Mutations

You have a pair of horns on your head.
You reflexively headbutt those who attack you in melee.


   Skills:
 - Level 4.5 Fighting
 + Level 6.4 Ranged Weapons
 - Level 1.0 Armour
 - Level 2.1 Dodging
 - Level 1.0 Spellcasting
 - Level 2.0 Hexes


You had 6 spell levels left.
You knew the following spells:

 Your Spells              Type           Power      Damage    Failure   Level
a - Slow                  Hex            16%        N/A       32%         1

Your spell library contained the following spells:

 Spells                   Type           Power      Damage    Failure   Level
 Inner Flame              Hex/Fire       2%         N/A       82%         3
 Portal Projectile        Hex/Tloc       4%         N/A       82%         3
 Cause Fear               Hex            2%         N/A       97%         4

Inventory:

Hand Weapons
 Y - a +1 sling (weapon)
Armour
 a - a +0 ring mail (worn)
 c - a +0 pair of boots (worn)
 h - a +0 pair of gloves (worn)
Scrolls
 b - a scroll of enchant weapon {unknown}
 g - a scroll of identify
 i - a scroll of noise {unknown}
 j - a scroll of silence {unknown}
Potions
 d - a potion of might
 e - a potion of enlightenment
 f - a potion of curing {unknown}
 k - a potion of haste {unknown}
 l - a potion of lignification {unknown}

Dungeon Overview and Level Annotations

Branches:
Dungeon (4/15)
 Temple: D:4-7

Altars:
Gozag
Sif Muna
Vehumet

Annotations:
D:3 3 runed translucent doors, qw's ghost, amateur MiHs
D:4 Edmund


Message History

You shoot a sling bullet. The sling bullet closely misses Edmund.
You shoot a sling bullet. The sling bullet closely misses Edmund.
You shoot a sling bullet. The sling bullet barely misses Edmund.
Edmund says, "I'm quite good with sums, too."
Edmund barely misses you.
You shoot a sling bullet. The sling bullet closely misses Edmund.
Edmund hits you with a +0 flail of protection.
You shoot a sling bullet. The sling bullet barely misses Edmund.
Edmund hits you with a +0 flail of protection.
You shoot a sling bullet. The sling bullet hits Edmund.
Edmund is lightly wounded.
Edmund hits you with a +0 flail of protection!
You shoot a sling bullet. The sling bullet hits Edmund.
Edmund is lightly wounded.
Edmund hits you with a +0 flail of protection.
You shoot a sling bullet. The sling bullet hits Edmund.
Edmund is moderately wounded.
Edmund hits you with a +0 flail of protection!
Edmund hits you but does no damage.
You shoot a sling bullet.
The sling bullet hits Edmund but does no damage.
Edmund is moderately wounded.
Edmund hits you with a +0 flail of protection.
You shoot a sling bullet.
The sling bullet hits Edmund but does no damage.
Edmund is moderately wounded.
Edmund hits you with a +0 flail of protection.
You shoot a sling bullet. The sling bullet barely misses Edmund.
Edmund closely misses you.
You shoot a sling bullet. The sling bullet barely misses Edmund.
Edmund hits you with a +0 flail of protection.
You shoot a sling bullet.
The sling bullet completely misses Edmund.
Edmund misses you.
Edmund says, "Everyone always remembers my brother. 'Who's Edmund?' they ask!"
Edmund hits you with a +0 flail of protection.
You shoot a sling bullet. The sling bullet hits Edmund.
Edmund is moderately wounded.
Edmund hits you with a +0 flail of protection!
You die...

#......#)##'##.# #........###
#......#.##.#..# #..........#
#......#.##.#.## #........#.##
#......#.##.#.# #........#...
#......#.##.#.####........#...
#...........#.............##..
####'#.#.#############......##
#.#.#.......### #......##
#.#.#.....@...# #......##
#.#.#.#####@#'# ###....).##
#.#.#.# ... .........##
#.#.#.# ..............##
#.#.#.# ..............## #.#
#.# ..............'. #.#
..............## #.
..$.....######## ... #


You could see Edmund.

Vanquished Creatures
  Menkaure (D:4)
  A scorpion (D:4)
  A hound (D:4)
  Terence (D:2)
  An iguana (D:4)
  2 adders
  A gnoll (D:4)
  An ufetubus (D:4)
  A worm (D:3)
  A dart slug (D:4)
  An orc (D:3)
  8 ball pythons
  7 endoplasms
  7 goblins
  9 hobgoblins
  18 jackals
  6 kobolds
  3 quokkas
  6 bats
  3 rats (D:1)
79 creatures vanquished.

Notes
Turn   | Place    | Note
-------+----------+-------------------------------------------
     0 | D:1      | qw the Minotaur Hexslinger began the quest for the Orb.
     0 | D:1      | Reached XP level 1. HP: 16/16 MP: 1/1
     0 | D:1      | 0 ||| qw: Version: 0.3-a-52-g30416fa
     0 | D:1      | 0 ||| qw: Game counter: 4881
     0 | D:1      | 0 ||| qw: Melee chars always use a shield: true
     0 | D:1      | 0 ||| qw: God list: Okawaru
     0 | D:1      | 0 ||| qw: Allow faded altars: false
     0 | D:1      | 0 ||| qw: Do Orc after clearing Dungeon:15 true
     0 | D:1      | 0 ||| qw: Do second Lair branch before Depths: true
     0 | D:1      | 0 ||| qw: Lair rune preference: random
     0 | D:1      | 0 ||| qw: Goals: Normal
     0 | D:1      | 0 ||| PLANNING D:1-11
    15 | D:1      | 15 ||| DROPPING scroll of poison.
   119 | D:1      | Reached skill level 3 in Ranged Weapons
   122 | D:1      | Reached XP level 2. HP: 22/23 MP: 2/2
   327 | D:1      | 327 ||| DRINKING 2 pink potions.
   328 | D:1      | 328 ||| DROPPING potion of brilliance.
   382 | D:1      | Reached XP level 3. HP: 29/29 MP: 3/3
   589 | D:1      | 589 ||| READING scroll labelled LAINACOTAL.
   590 | D:1      | 590 ||| DRINKING 2 fizzy dark potions.
   902 | D:2      | Reached skill level 4 in Ranged Weapons
   988 | D:2      | Noticed Terence
   998 | D:2      | HP: 5/29 [Terence/+0 short sword (7)]
   999 | D:2      | 999 ||| DRINKING potion of heal wounds.
  1009 | D:2      | Killed Terence
  1010 | D:2      | Reached XP level 4. HP: 11/36 MP: 4/4
  1109 | D:2      | 1109 ||| UPGRADING to +0 ring mail.
  1119 | D:2      | 1119 ||| DROPPING +0 robe.
  1128 | D:2      | 1128 ||| STAIRDANCE
  1206 | D:2      | Reached skill level 1 in Armour
  1263 | D:2      | Found a radiant altar of Vehumet.
  1477 | D:2      | 1477 ||| UPGRADING to +0 pair of boots.
  1482 | D:2      | 1482 ||| READING 2 scrolls labelled HOEG UNU UROVI.
  1487 | D:2      | 1487 ||| READING 2 scrolls labelled YRREIPRUKAE.
  1737 | D:3      | Found a runed translucent gate.
  1737 | D:3      | Found a runed translucent gate.
  1738 | D:3      | Found a runed translucent gate.
  1739 | D:3      | Found an opulent altar of Gozag.
  1776 | D:3      | Reached skill level 5 in Ranged Weapons
  1977 | D:3      | Noticed a gnoll sergeant
  1978 | D:3      | Noticed qw's ghost (amateur MiHs)
  1980 | D:3      | 1980 ||| UPGRADING to +0 pair of gloves.
  1985 | D:3      | 1985 ||| READING 3 scrolls of identify.
  1985 | D:3      | 1985 ||| IDENTIFYING golden potion
  1986 | D:3      | 1986 ||| READING 2 scrolls of identify.
  1986 | D:3      | 1986 ||| IDENTIFYING bubbling coppery potion
  2052 | D:4      | Found an opulent altar of Gozag.
  2052 | D:4      | Found a shimmering blue altar of Sif Muna.
  2076 | D:4      | Reached skill level 3 in Fighting
  2076 | D:4      | Reached XP level 5. HP: 33/45 MP: 5/5
  2133 | D:4      | Noticed Edmund
  2150 | D:4      | HP: 10/45 [Edmund/+0 flail of protection (3)]
  2151 | D:4      | 2151 ||| READING 2 scrolls of teleportation.
  2172 | D:4      | 2172 ||| READING scroll of teleportation.
  2173 | D:4      | HP: 10/45 [adder (2)]
  2359 | D:4      | Noticed Menkaure
  2369 | D:4      | Killed Menkaure
  2370 | D:4      | Reached skill level 6 in Ranged Weapons
  2370 | D:4      | Reached XP level 6. HP: 22/51 MP: 6/6
  2656 | D:4      | HP: 10/53 [goblin/puff of flame (8)]
  2657 | D:4      | 2657 ||| READING scroll of teleportation.
  2659 | D:4      | HP: 3/53 [Edmund/+0 flail of protection (4)]
  3100 | D:4      | HP: 13/53 [Edmund/+0 flail of protection (6)]
  3102 | D:4      | Slain by Edmund

Levels and vault maps discovered:
D:1:      spicycebolla_arrival_ecumenical, layout_rooms,
          serial_co_window_serial, co_window_corner_a, co_window_corner_a,
          co_window_corner_a, co_window_of_opportunity_a, co_window_paths_b,
          co_window_corner_b, co_window_corner_b, co_window_of_opportunity_b,
          co_window_paths_e, co_window_4corner_a, glass_columns_a,
          glass_columns_a, glass_columns_c, glass_columns_a
D:2:      layout_rooms, basic_altar, serial_glass, glass_columns_c,
          glass_columns_b, due_unseen_surprise, minmay_strange_pillars,
          uniq_terence
D:3:      layout_basic, ebering_ghost_gozag, minmay_misc_feat_enclosed
D:4:      layout_basic, jmf_multi_god_temple, uniq_menkaure, uniq_edmund

Skill      XL: |  1  2  3  4  5  6 |
---------------+-------------------+-----
Ranged Weapons | 3 4 5 6 |  6.4
Fighting       | 2 3 4 |  4.5
Armour         | 1 |  1.0
Dodging        | |  2.1
Spellcasting   | |  1.0
Hexes          | |  2.0

Action                     |  1- 3 |  4- 6 || total
---------------------------+-------+-------++-------
   Fire: Sling             |   117 |   178 ||   295
    Use: Potion            |     3 |       ||     3
         Scroll            |     1 |     7 ||     8
 Armour: Robe              |     7 |       ||     7
         Ring mail         |       |    48 ||    48
  Dodge: Dodged            |    29 |    84 ||   113

Table legend:
 A = Non-vault XP
 B = Vault XP
 C = Vault XP percentage of total XP
 D = Non-vault monster count
 E = Vault monster count
 F = Vault count percentage of total count
                 A         B        C        D         E       F
            +---------+---------+-------+---------+---------+-------
      Total |     277 |     282 |  50.4 |      75 |       4 |   5.1
            +---------+---------+-------+---------+---------+-------
        D:1 |      60 |       0 |   0.0 |      36 |       0 |   0.0
        D:2 |      42 |      36 |  46.2 |      17 |       1 |   5.6
        D:3 |      15 |       0 |   0.0 |       6 |       0 |   0.0
        D:4 |     160 |     246 |  60.6 |      16 |       3 |  15.8
            +---------+---------+-------+---------+---------+-------
